cohdb
Replays
Latest Replays
All Replays
Popular Replays
Top Player Replays
Match Explorer
How It Works
Community
CoH3 Stats
Reddit
Sign in to upload your games and track your stats! →
Sign in with Steam
Match 39190855
Unlisted
Match 39190855
Overview
Messages
Build Orders
End
Pioneer Squad
Kettenkrad Recon Vehicle
Construct Infanterie Kompanie
Selects Mechanized Battlegroup
MG 42 Machine Gun Team
Grenadier Squad
Grenadier Squad
Construct Luftwaffe Kompanie
Medical Station
Grenadier Squad
Selects Raid Package
221 Scout Car
Jäger Squad
Construct Panzer Kompanie
Jäger Squad
Selects StuG Assault Group
Selects UNKNOWN (2160084)
Selects Mobile Repair Stations
Selects Stoßtruppen Assault Package
Stoßtruppen Squad
Panther Heavy Tank
Selects Zeroing Artillery Barrage
Stoßtruppen Squad
Pioneer Squad
Panzer IV Medium Tank
Panzer Officer Quarters
Side Skirts
Stoßtruppen Squad
Harold Hoffmann
Bootyquake
0
0
Comments
sign in to comment!
No comments posted yet!